AoeStats
← 2nd.DaMbEdAi | BoNzAi

Nomad

506911602Analyzed
3v3 RM · 16d ago on Sep 15, 2026· 51m 41s· 6 players
Game mode
Random Map
Map size
210×210
Population
200
Speed
Normal
Resources
Standard
Victory
Conquest
Starting age
Dark Age
Ending age
Imperial Age
RankedLock teamsTeams togetherTeam positionsShared explorationLock speedFull tech treeHidden civsTurbo modeCheats
Victory
Defeat
🇦🇷 Gurjaras · Argentina
1408
+14
🇸🇪 Italians · Sweden
1355
+16
🇶🇦 Sicilians · Qatar
1330
+17
🇩🇪 Magyars · Germany
1517
-21
🇩🇪 Persians · Germany
1516
-21
🇩🇪 Franks · Germany
1027
-5
JanChess
5:10 Loom
13:52 Feudal Age
15:38 Horse Collar
16:27 Fishing Lines
19:02 Castle Age
17:03 Gold Mining
17:21 Double-Bit Axe
18:40 Fletching
20:00 Bow Saw
21:19 Wheelbarrow
22:19 Medium Warships
23:31 Scale Barding Armor
24:12 Gold Shaft Mining
23:43 Bodkin Arrow
26:26 Heavy Plow
27:42 Chain Barding Armor
27:26 Stone Mining
29:35 Bloodlines
29:42 Husbandry
31:02 Forging
31:14 Gillnets
37:46 Imperial Age
37:08 Stone Shaft Mining
39:09 Plate Barding Armor
37:59 Cavalier
40:44 Conscription
42:07 Hauberk
johg0001
5:25 Loom
13:10 Feudal Age
17:25 Castle Age
15:47 Double-Bit Axe
20:13 Fletching
20:15 Town Watch
21:05 Wheelbarrow
21:22 Horse Collar
22:35 Bodkin Arrow
26:03 Padded Archer Armor
27:51 Leather Archer Armor
30:43 Thumb Ring
31:23 Bow Saw
31:49 Ballistics
38:08 Imperial Age
38:55 Bracer
40:03 Chemistry
39:59 Ring Archer Armor
40:34 Elite Genoese Crossbowman
42:00 Conscription
47:42 Scale Barding Armor
47:48 Forging
50:47 Chain Barding Armor
51:03 Iron Casting
Tonguera
5:14 Loom
12:53 Feudal Age
13:45 Double-Bit Axe
23:02 Castle Age
21:37 Forging
23:57 Medium Warships
24:02 Bow Saw
24:52 Fishing Lines
26:04 Town Watch
26:51 Gillnets
27:57 Wheelbarrow
30:33 Scale Barding Armor
31:04 Iron Casting
31:44 Chain Barding Armor
31:57 Bloodlines
32:04 Horse Collar
33:39 Heavy Plow
37:03 Imperial Age
35:59 Husbandry
37:13 Gold Mining
38:28 Crop Rotation
38:42 Plate Barding Armor
38:47 Conscription
37:55 Heavy Camel Rider
43:13 Hand Cart
42:35 Light Cavalry
43:35 Stone Mining
44:50 Gold Shaft Mining
46:26 Siege Elephant
49:14 Kshatriyas
49:39 Frontier Guards
momizzle13
4:57 Loom
13:36 Feudal Age
17:51 Castle Age
17:46 Double-Bit Axe
19:47 Bow Saw
19:24 Horse Collar
21:10 Heavy Plow
21:50 Wheelbarrow
26:16 Gold Mining
26:45 Hand Cart
31:51 Imperial Age
31:00 Fletching
31:14 Padded Archer Armor
32:09 Bodkin Arrow
32:32 Leather Archer Armor
32:23 Town Watch
33:15 Conscription
33:03 Bracer
34:08 Chemistry
33:29 Ballistics
33:16 Recurve Bow
34:06 Parthian Tactics
33:47 Thumb Ring
33:02 Heavy Cavalry Archer
34:49 Ring Archer Armor
36:12 Two-Man Saw
37:54 Bloodlines
37:44 Husbandry
37:59 Light Cavalry
38:56 Hussar
40:59 Scale Barding Armor
44:02 Chain Barding Armor
44:32 Gold Shaft Mining
46:25 Plate Barding Armor
46:51 Masonry
48:33 Scale Mail Armor
48:06 Pikeman
48:37 Halberdier
49:33 Chain Mail Armor
2nd.DaMbEdAi | BoNzAi
14:00 Feudal Age
15:23 Wheelbarrow
17:23 Gold Mining
22:02 Castle Age
20:49 Stone Mining
23:46 Scale Barding Armor
24:50 Forging
33:02 Scale Mail Armor
34:18 Gold Shaft Mining
34:25 Squires
39:56 Imperial Age
38:40 Fletching
40:11 Hand Cart
41:03 Iron Casting
42:04 Conscription
42:54 Cavalier
48:35 Light Cavalry
49:16 Husbandry
49:34 Chain Mail Armor
49:21 Padded Archer Armor
hannezthemenace
5:01 Loom
13:24 Feudal Age
18:06 Double-Bit Axe
18:58 Fletching
23:40 Castle Age
22:49 Gold Mining
24:39 Medium Warships
26:21 Bow Saw
25:51 Horse Collar
28:19 Horse Collar
32:29 Heavy Plow
36:09 Wheelbarrow
40:00 Imperial Age
38:02 Scale Barding Armor
39:11 Chain Barding Armor
38:52 Stone Mining
39:18 Hand Cart
39:50 Forging
39:47 Town Watch
40:40 Gold Shaft Mining
39:47 Cavalier
40:28 Husbandry
40:38 Bloodlines
41:42 Plate Barding Armor
41:36 Conscription
41:34 Savar
44:16 Stone Shaft Mining
44:42 Two-Man Saw
45:14 Iron Casting
47:14 Caravan
48:35 Chemistry
48:41 Padded Archer Armor
49:44 Light Cavalry
Connection lost

Rejoining the realm…

Still unreachable

The connection could not be restored.

Session expired

The server has moved on; the page needs a fresh start.